 Dungeon Crawl Stone Soup version 0.31-a0-233-g139696dc86 (webtiles) character file.

Game seed: 9550464962441931625

82236 Anon1729 the Fighter (level 15, -1/138 HPs)
             Began as a Minotaur Monk on July 9, 2023.
             Was a Believer of Uskayaw.
             Engulfed by a death drake's foul pestilence (16 damage)
             ... in a Gauntlet.
             The game lasted 00:14:19 (25182 turns).

Anon1729 the Fighter (Minotaur Monk)               Turns: 25182, Time: 00:14:20

Health: -1/138     AC: 18    Str: 18    XL:     15   Next: 28%
Magic:  18/22      EV: 21    Int:  7    God:    Uskayaw [**....]
Gold:   1106       SH:  5    Dex: 24    Spells: 14/14 levels left

rFire   . . .        a - +7 Throatcutter {drain, coup de grace}
rCold   . . .        d - orb {light}
rNeg    + . .        i - +0 ring mail "Neipusm" {rN+ Will+}
rPois   .            P - +1 hat
rElec   .            S - +2 cloak {Will+}
rCorr   .            (no gloves)
SInv    .            y - +0 pair of boots
Will    +++..        q - amulet of reflection
Stlth   ++           e - +6 ring of dexterity
HPRegen 0.43/turn    U - +4 ring of protection
MPRegen 0.18/turn

%: no teleportation, reflection
@: lethally poisoned (-1 -> -28), slowed, glowing, studying 2 skills, very slow
A: horns 2, retaliatory headbutt
a: Renounce Religion, Stomp, Line Pass


You were in a Gauntlet.
You worshipped Uskayaw.
Uskayaw was aware of your devotion.
You visited 3 branches of the dungeon, and saw 21 of its levels.
You also visited: Gauntlet.

You collected 1799 gold pieces.
You spent 693 gold pieces at shops.

Inventory:

Hand Weapons
 a - the +7 Throatcutter (weapon) {drain, coup de grace}
   (You found it on level 2 of the Dungeon)
 b - a +2 dagger of flaming
Missiles
 r - 4 throwing nets
 Q - 3 curare-tipped darts
Armour
 d - an orb of light (worn)
 i - the +0 ring mail "Neipusm" (worn) {rN+ Will+}
   (You found it on level 8 of the Dungeon)

   rN:        It protects you from negative energy.
   Will:      It increases your willpower.
 y - a +0 pair of boots (worn)
 P - a +1 hat (worn)
 S - a +2 cloak of willpower (worn)
Jewellery
 e - a +6 ring of dexterity (left hand)
 l - a ring of see invisible
 n - a ring of willpower
 q - an amulet of reflection (around neck)
 R - a ring of ice
 T - an amulet of regeneration
 U - a +4 ring of protection (right hand)
Wands
 B - a wand of polymorph (14)
 C - a wand of iceblast (21)
 D - a wand of mindburst (5)
 F - a wand of flame (18)
 M - a wand of paralysis (14)
 O - a wand of digging (5)
 Z - a wand of quicksilver (2)
Scrolls
 f - 2 scrolls of silence
 g - 4 scrolls of enchant weapon
 j - 2 scrolls of immolation
 k - 3 scrolls of teleportation
 s - 4 scrolls of fog
 t - 5 scrolls of enchant armour
 z - 2 scrolls of blinking
 E - 4 scrolls of fear
 I - 4 scrolls of vulnerability
 J - a scroll of poison
 K - 4 scrolls of revelation
 V - a scroll of identify
 Y - a scroll of brand weapon
Potions
 c - 3 potions of ambrosia
 h - 3 potions of lignification
 m - 2 potions of brilliance {unknown}
 o - 3 potions of curing
 p - a potion of enlightenment {unknown}
 u - 5 potions of magic
 v - 3 potions of mutation
 w - a potion of might
 x - a potion of cancellation {unknown}
 A - a potion of haste {unknown}
 G - 3 potions of resistance {unknown}
 H - 4 potions of heal wounds {unknown}
 N - 3 potions of attraction {unknown}
 W - a potion of berserk rage {unknown}
Miscellaneous
 X - a phantom mirror


   Skills:
 + Level 14.2 Fighting
 + Level 13.1 Short Blades
 + Level 13.7 Armour
 * Level 13.1 Dodging
 + Level 10.3 Stealth
 + Level 11.2 Invocations


You had 14 spell levels left.
You didn't know any spells.
Your spell library contained the following spells:

 Spells                   Type           Power      Damage    Failure   Level
 Apportation              Tloc           0%         N/A       56%         1
 Necrotise                Necr           0%         1d4       56%         1
 Shock                    Conj/Air       0%         1d3       56%         1
 Summon Small Mammal      Summ           0%         N/A       56%         1
 Cigotuvi's Dreadful Rot  Necr/Pois/Air  0%         N/A       71%         2
 Ensorcelled Hibernation  Hex/Ice        0%         N/A       71%         2
 Passwall                 Tmut/Erth      0%         N/A       71%         2
 Static Discharge         Conj/Air       0%         2-2/arc   71%         2
 Dazzling Flash           Conj/Hex       0%         N/A       91%         3
 Ignite Poison            Fire/Tmut/Pois 0%         N/A       91%         3
 Swiftness                Air            0%         N/A       91%         3
 Airstrike                Air            0%         2d(0-16)  100%        4
 Dispel Undead            Necr           0%         3d6       100%        4
 Summon Lightning Spire   Summ/Air       0%         N/A       100%        4
 Agony                    Necr           0%         N/A       100%        5
 Freezing Cloud           Conj/Ice/Air   0%         6-21      100%        5
 Silence                  Hex/Air        0%         N/A       100%        5
 Death Channel            Necr           0%         N/A       100%        6
 Chain Lightning          Conj/Air       0%         N/A       100%        9
 Fire Storm               Conj/Fire      0%         5d1       100%        9
 Shatter                  Erth           0%         3d5*      100%        9


Dungeon Overview and Level Annotations

Branches:
Dungeon (15/15)            Temple (1/1) D:5            Lair (5/5) D:8
 Shoals (0/4) Lair:3        Snake (0/4) Lair:3        Slime (0/5) Lair:5
    Orc (0/2) D:10         Vaults (0/5) D:14         Depths (0/4) D:15
Gauntlet (1/1)

Altars:
Ashenzari
Cheibriados
Dithmenos
Elyvilon
Fedhas
Gozag
Hepliaklqana
Kikubaaqudgha
Makhleb
Nemelex Xobeh
Okawaru
Qazlal
Ru
Sif Muna
Trog
Uskayaw
Vehumet
Wu Jian
Xom
Yredelemnul
Zin
The Shining One
Jiyva

Shops:
D:2 [   D:3 *   D:6 *   D:8 !   D:9 ?   D:10 *

Annotations:
D:3 2 transporters, adozu's ghost, amateur DsFi
D:12 2 transporters, MirrMurr's ghost, journeyman SpHu Gauntlet 11 transporters


Innate Abilities, Weirdness & Mutations

You have a pair of horns on your head.
You reflexively headbutt those who attack you in melee.


Message History

You are poisoned.
You feel extremely sick. The death drake closely misses you.
The spectral redback barely misses you. You furiously retaliate!
You headbutt the spectral redback. You block the death drake's attack.
The spectral redback completely misses you.
You slash the spectral redback!
You behead the spectral redback!
You destroy the spectral redback!
You are engulfed in dark miasma.
You are more poisoned.
You feel as though you will be slow longer.
You feel extremely sick. The death drake misses you.
The death drake barely misses you.
Your life force feels restored.
Aiming: Line Pass
Press: ? - help, Dir - move target The death drake appears confused.
You feel extremely sick.
The death drake closely misses the wolf spider zombie.
The death drake closely misses you.
The wolf spider zombie closely misses you.
You furiously retaliate!
You headbutt the wolf spider zombie.
The wolf spider zombie bites you but does no damage.
You hit the death drake. Your headbutt misses the death drake.
The death drake is moderately wounded.
You feel very sick.
The death drake seems less confused.
The death drake completely misses you. The wolf spider zombie hits you.
* * * LOW HITPOINT WARNING * * *
You block the wolf spider zombie's attack.
The death drake breathes miasma at you. The foul vapour engulfs you!
You are lethally poisoned!
* * * LOW HITPOINT WARNING * * *
The wolf spider zombie hits you.
* * * LOW HITPOINT WARNING * * *
The wolf spider zombie barely misses you.
You feel better.
You are engulfed in dark miasma.
You are lethally poisoned!
You die...

...§≈8≈........∩...∩###
....§≈.............≈#8#
####...###########..###
tbb#...#.........#..#
.bb#...#..##.##..#..###
..b#####?#..#°.#°#..#8#
..b#...#"#..#©°#°#..###
.hh#©.©#©.#####kZ#©.#
...#...#?#..#..#@#..###
...#####=#..#..#°#..#8#
thb#...#..##.##°°#..###
bbb#.8.#.........#..#
####...###########..###
....................#8#
...................§###
#####################
#8# #8# #8# #8# #8#


You could see a death drake (catching breath) and a wolf spider zombie.

Vanquished Creatures
  An ettin (D:14)
  An entropy weaver (shapeshifter) (D:13)
  A fire dragon (D:14)
  Fannar (Lair:3)
  6 hydras
  A centaur warrior (D:14)
  Erica (D:10)
  A merfolk avatar (Lair:5)
  2 catoblepae
  4 two-headed ogres
  5 boulder beetles
  2 tengu warriors
  2 skysharks
  Amaemon (D:9)
  Lodul (D:11)
  A deep troll (D:14)
  A sea snake (Lair:5)
  An orc knight (D:15)
  A harpy (Lair:5)
  A deep elf pyromancer (D:13)
  A necromancer (Lair:3)
  14 ugly things
  5 manticores
  2 cyclopes
  A merfolk siren (Lair:3)
  4 black mambas
  16 elephants
  3 torpor snails
  13 cane toads
  2 gargoyles
  2 unseen horrors
  A spectral redback (Gauntlet)
  An orange demon (D:9)
  12 komodo dragons
  A kobold demonologist (D:9)
  An unseen horror (shapeshifter) (D:14)
  Maggie (D:7)
  2 rime drakes
  2 efreet
  A tengu conjurer (D:14)
  3 meliai (D:14)
  A merfolk (D:9)
  A wind drake (Lair:5)
  3 trolls
  8 polar bears
  7 hornets
  A snapping turtle (Lair:5)
  6 dream sheep (Lair:3)
  12 blink frogs
  9 slime creatures
  2 shadows
  6 wraiths
  81 yaks
  A vampire (D:13)
  7 wyverns
  6 basilisks
  11 vampire mosquitoes
  3 steam dragons
  10 water moccasins
  A swamp drake (D:8)
  8 orc warriors
  A sky beast (D:8)
  2 black bears
  6 ice beasts
  7 wolves
  12 ogres
  5 centaurs
  A phantom (D:6)
  The ghost of PaleRider the Changer, an amateur OpTm of Gozag (D:4)
  5 kobold brigands
  11 bullfrogs
  5 scorpions
  4 wights (D:9)
  22 killer bees
  4 howler monkeys
  8 electric eels
  2 hounds (D:6)
  11 orc priests
  4 jellies
  5 hell rats (Lair:5)
  3 iguanas
  8 orc wizards
  3 polar bear simulacra (Lair:3)
  A yak simulacrum (Lair:3)
  4 wolf simulacra (Lair:3)
  A centaur simulacrum (D:9)
  A gnoll (D:4)
  9 adders
  2 shadow imps
  4 white imps (D:9)
  2 ufetubi
  4 worms
  A dart slug (D:4)
  65 orcs
  10 ball pythons
  8 bats
  8 endoplasms
  3 giant cockroaches
  4 goblins
  6 hobgoblins
  6 jackals
  2 quokkas (D:2)
  2 frilled lizards (D:1)
  12 kobolds
  6 rats
  3 river rat simulacra (Lair:3)
601 creatures vanquished.

Notes
Turn   | Place    | Note
-------+----------+-------------------------------------------
     0 | D:1      | Anon1729 the Minotaur Monk began the quest for the Orb.
     0 | D:1      | Reached XP level 1. HP: 19/19 MP: 0/0
   124 | D:1      | Reached XP level 2. HP: 25/27 MP: 1/1
   403 | D:1      | Reached skill level 1 in Armour
   524 | D:1      | Reached XP level 3. HP: 33/33 MP: 2/2
   643 | D:2      | Found the +7 Throatcutter {drain, coup de grace}
   724 | D:2      | Reached skill level 4 in Fighting
   768 | D:2      | Reached skill level 1 in Invocations
   795 | D:2      | Found Nugaqot's Armour Emporium.
   871 | D:2      | Found a faded altar of an unknown god.
  1281 | D:2      | Bought a +0 pair of boots for 49 gold pieces
  1358 | D:3      | Reached XP level 4. HP: 35/40 MP: 3/3
  1386 | D:3      | Found a transporter.
  1390 | D:3      | Noticed adozu's ghost (amateur DsFi)
  1409 | D:3      | Found Okeumo Forgh's Assorted Antiques.
  1422 | D:3      | Reached skill level 1 in Stealth
  1428 | D:3      | Bought a scroll labelled TAYH SEANEK for 29 gold pieces
  1627 | D:3      | Found a transporter.
  1766 | D:4      | Noticed PaleRider's ghost (amateur OpTm)
  1771 | D:4      | Found a runed translucent door.
  1810 | D:4      | Noticed a scorpion
  1816 | D:4      | Killed a scorpion
  1817 | D:4      | Reached XP level 5. HP: 43/47 MP: 5/5
  1931 | D:4      | Noticed an ogre
  1934 | D:4      | Killed an ogre
  1989 | D:4      | Reached XP level 6. HP: 52/53 MP: 6/6
  2264 | D:4      | Killed PaleRider's ghost
  2303 | D:5      | Entered Level 5 of the Dungeon
  2387 | D:5      | Noticed an ice beast
  2389 | D:5      | Killed an ice beast
  2390 | D:5      | Reached skill level 5 in Fighting
  2398 | D:5      | Reached XP level 7. HP: 61/61 MP: 7/7
  2519 | D:5      | Reached skill level 5 in Short Blades
  2773 | D:5      | Reached skill level 5 in Dodging
  2794 | D:5      | Found a staircase to the Ecumenical Temple.
  3122 | D:5      | Reached XP level 8. HP: 40/70 MP: 9/9
  3127 | D:5      | Found the +7 staff of the Meek {protect, meekguard}
  3289 | Temple   | Entered the Ecumenical Temple
  3588 | D:3      | Bought a fading chain mail for 275 gold pieces
  3588 | D:3      | Identified the +1 chain mail of New Discoveries {Str+4}
                  | (You bought it in a shop on level 3 of the Dungeon)
  3687 | D:6      | Found a hide-covered altar of Uskayaw.
  3705 | D:6      | Reached skill level 6 in Fighting
  3998 | D:6      | Found Hylutior's Neck Hole.
  4023 | D:6      | Became a worshipper of Uskayaw the Reveller
  4023 | D:6      | Reached * piety under Uskayaw
  4209 | D:6      | Reached skill level 5 in Armour
  4209 | D:6      | Reached ** piety under Uskayaw
  4340 | D:6      | Reached *** piety under Uskayaw
  4796 | D:7      | Reached XP level 9. HP: 73/78 MP: 11/11
  4968 | D:7      | Reached skill level 7 in Fighting
  4968 | D:7      | Reached **** piety under Uskayaw
  5165 | D:7      | Noticed Maggie
  5170 | D:7      | Killed Maggie
  5240 | D:7      | Reached skill level 5 in Invocations
  5243 | D:7      | Reached ***** piety under Uskayaw
  5467 | D:7      | Found a burning altar of Makhleb.
  5880 | D:8      | Identified the +0 ring mail "Neipusm" {rN+ Will+}
  5966 | D:8      | Found a stormy altar of Qazlal.
  5988 | D:8      | Found Jazaocw's Distillery.
  5996 | D:8      | Bought a potion of degeneration for 14 gold pieces
  5996 | D:8      | Bought a potion of curing for 42 gold pieces
  5996 | D:8      | Bought a potion of magic for 112 gold pieces
  6108 | D:8      | Found a shimmering blue altar of Sif Muna.
  6272 | D:8      | Noticed a komodo dragon
  6277 | D:8      | Killed a komodo dragon
  6278 | D:8      | Reached skill level 5 in Stealth
  6356 | D:8      | Noticed a komodo dragon
  6382 | D:8      | Killed a komodo dragon
  6383 | D:8      | Reached skill level 8 in Fighting
  6383 | D:8      | Reached XP level 10. HP: 40/88 MP: 13/13
  6560 | D:8      | Found a staircase to the Lair.
  6905 | D:9      | Found a shimmering blue altar of Sif Muna.
  6976 | D:9      | Noticed a sixfirhy
  6978 | D:9      | Noticed an orange demon
  6983 | D:9      | Reached ****** piety under Uskayaw
  6985 | D:9      | Noticed a sun demon
  7013 | D:9      | Found a white marble altar of Elyvilon.
  7223 | D:9      | Reached skill level 9 in Fighting
  7392 | D:9      | Found an opulent altar of Gozag.
  7539 | D:9      | Reached XP level 11. HP: 88/97 MP: 13/15
  7553 | D:9      | Noticed Amaemon
  7567 | D:9      | Killed Amaemon
  7800 | D:9      | Found Gyanyroo's Magic Scroll Boutique.
  8392 | D:9      | Bought a scroll of fear for 60 gold pieces
  8392 | D:9      | Bought a scroll of revelation for 112 gold pieces
  8529 | Lair:1   | Entered Level 1 of the Lair of Beasts
  8887 | Lair:1   | Reached skill level 10 in Fighting
  9859 | Lair:1   | Identified the +2 leather armour of Gamanucua {rElec Regen+
                  | Dex-3}
 10087 | Lair:2   | Reached XP level 12. HP: 107/107 MP: 16/16
 10327 | Lair:2   | Reached skill level 10 in Armour
 10528 | Lair:2   | Noticed a boulder beetle
 10537 | Lair:2   | Killed a boulder beetle
 10538 | Lair:2   | Reached skill level 10 in Short Blades
 10568 | Lair:2   | Reached skill level 10 in Dodging
 10722 | Lair:2   | Reached skill level 11 in Fighting
 10854 | Lair:2   | Noticed a five-headed hydra
 10864 | Lair:2   | Killed a nine-headed hydra
 11678 | Lair:3   | Noticed an eight-headed hydra
 11690 | Lair:3   | Killed an eight-headed hydra
 11885 | Lair:3   | Noticed an eight-headed hydra
 11895 | Lair:3   | Killed a nine-headed hydra
 11918 | Lair:3   | Reached XP level 13. HP: 36/116 MP: 18/18
 12148 | Lair:3   | Found a staircase to the Snake Pit.
 12932 | Lair:3   | Noticed Fannar
 12943 | Lair:3   | Killed Fannar
 13595 | Lair:3   | Found a staircase to the Shoals.
 14070 | Lair:4   | Reached skill level 12 in Fighting
 15334 | Lair:5   | Entered Level 5 of the Lair of Beasts
 16461 | Lair:5   | Identified the +6 trident of Tortured Absolution {drain,
                  | rPois Will+}
 16464 | Lair:5   | Identified the staff "Ymafual" {rPois Str+3 Poison}
 16500 | Lair:5   | Reached skill level 10 in Invocations
 16554 | Lair:5   | Reached XP level 14. HP: 122/127 MP: 20/20
 16958 | Lair:5   | Found a viscous altar of Jiyva.
 16958 | Lair:5   | Found a staircase to the Slime Pits.
 17346 | D:10     | Entered Level 10 of the Dungeon
 17412 | D:10     | Found Askim's Wicked Wares.
 17613 | D:10     | Found a sacrificial altar of Ru.
 17717 | D:10     | Noticed Erica
 17721 | D:10     | Found a staircase to the Orcish Mines.
 17726 | D:10     | Killed Erica
 17727 | D:10     | Reached skill level 13 in Fighting
 17757 | D:10     | HP: 1/129 [yak (9)]
 18126 | D:10     | Found a sparkling altar of Nemelex Xobeh.
 19186 | D:11     | Noticed Lodul
 19201 | D:11     | Killed Lodul
 21308 | D:12     | Found a transporter.
 21311 | D:12     | Noticed MirrMurr's ghost (journeyman SpHu)
 21392 | D:12     | Found a transporter.
 23187 | D:14     | Identified the +3 dagger "Keiss" {pain, Will+ Int-4 Dex+2}
 23266 | D:14     | Reached skill level 10 in Stealth
 23485 | D:14     | Reached XP level 15. HP: 60/137 MP: 12/22
 23790 | D:14     | Reached skill level 14 in Fighting
 24111 | D:14     | Found a gate to the Vaults.
 24209 | D:14     | Identified the +2 sling of Wu Jian's Displeasure {speed,
                  | Will+}
 24551 | D:15     | Entered Level 15 of the Dungeon
 24668 | D:15     | Identified a scroll of acquirement
 24669 | D:15     | Acquired a manual of Dodging
 24846 | D:15     | Found a gate leading to a gauntlet.
 24864 | Gauntlet | Entered a Gauntlet
 24864 | Gauntlet | Found a transporter.
 24864 | Gauntlet | Found a transporter.
 24968 | Gauntlet | Found a transporter.
 24968 | Gauntlet | Found a transporter.
 24971 | Gauntlet | Found a transporter.
 24986 | Gauntlet | Found a transporter.
 25009 | Gauntlet | Found a transporter.
 25011 | Gauntlet | Found a transporter.
 25072 | Gauntlet | Found a transporter.
 25082 | Gauntlet | Found a transporter.
 25097 | Gauntlet | Found a transporter.
 25107 | Gauntlet | Found a transporter.
 25182 | Gauntlet | Engulfed by a death drake's foul pestilence

Illustrated notes

Levels and vault maps discovered:
D:1:      heliophobic_arrival_glass_houses, layout_rooms,
          kennysheep_decorative_pillar
D:2:      layout_basic, shapermc_ecumenical_altar_mp_highgroup, serial_shops,
          nicolae_diamond_shop, uniq_crazy_yiuf_cottage
D:3:      layout_rooms, serial_shops, shop, gammafunk_ghost_stat_death,
          minmay_gold_behind_fungi, minmay_stone_trees_small
D:4:      layout_cave_pools, hellmonk_ghost_happy_afterlife, sigmund_army
D:5:      layout_loops_ring, minmay_temple_entry_statues,
          grunt_decor_mini_mirrors, pf_guarded_unrand_meek
D:6:      layout_loops_ring, mainiacjoe_overflow_cross_hatched,
          chequers_arboretum, nicolae_shop_sticking_my_neck_out
D:7:      layout_cave_pods, nicolae_overflow_hidden_temple, uniq_maggie
D:8:      layout_cave_pools, overflow_temple_1_default, erik_lair_dragon,
          serial_shops, shop, serial_park, serial_park_square1
          [serial_park_minivault_5x5_7], serial_park_square3
          [serial_park_minivault_5x5_4], serial_park_tiny_2, serial_park_tiny_2,
          serial_park_tiny_2, roderic_three_in_a_row
D:9:      layout_cave_pools, led_sif_book, general_overflow_altar,
          mainiacjoe_overflow_24_doors, serial_ice, serial_ice_i, serial_ice_m,
          serial_ice_n, serial_ice_d, serial_shops, nicolae_inconvenience_store,
          minmay_misc_feat_diagonals, hangedman_fish_farm, uniq_amaemon
D:10:     layout_irregular_city, overflow_temple_1_default,
          mainiacjoe_overflow_brackets, david_orc_3, serial_column_ruins,
          column_ruins_corridor_corner, column_ruins_open_medium,
          column_ruins_open_small, column_ruins_open_small, nicolae_evil_shop,
          uniq_erica
D:11:     layout_layer_cave, serial_bayou_lagoon_b, uniq_lodul
D:12:     layout_irregular_city, nzn_ghost_randoct, kennysheep_boxes
D:13:     layout_rooms, grunt_decor_clamped, nrook_mini_vaults, glass_columns_a
D:14:     layout_irregular_city, david_vaults_4
D:15:     grunt_enter_depths_giant_problem, layout_loops_ring,
          gauntlet_entry_generic, hangedman_abyss_or_decor_stabs,
          elyvilon_altar_5
Temple:   dpeg_chambers_temple
Lair:1:   layout_cave_shapes, grunt_megastairs_2
Lair:2:   layout_gridlike
Lair:3:   layout_cellular_growth, elwin_shoals_entry_rooms, dummy_snake_entry,
          eino_house_with_fridge, uniq_fannar
Lair:4:   layout_small_grid
Lair:5:   gammafunk_lair_ancient_temple, layout_concentric_octagons,
          dpeg_slime_entry_corner, lemuel_fruit_tree, infiniplex_staircase_pool
Gauntlet: gammafunk_gauntlet_shortcut [nicolae_gauntlet_arena_quarters,
          gammafunk_gauntlet_arena_open, gammafunk_gauntlet_arena_grid,
          gammafunk_gauntlet_arena_mazey, nicolae_gauntlet_arena_grate_2,
          nicolae_gauntlet_swirl, nicolae_gauntlet_exit_dead_adventurers]

Skill      XL: |  1  2  3  4  5  6  7  8  9 10 11 12 13 14 15 |
---------------+----------------------------------------------+-----
Armour         | 1 2 3 4 5 7 8 9 11 12 13 | 13.7
Fighting       | 4 5 6 8 9 10 11 12 13 14 | 14.2
Invocations    | 1 2 3 4 5 6 7 9 10 11 | 11.2
Stealth        | 1 2 3 4 5 6 7 8 9 10 | 10.3
Short Blades   | 4 5 6 7 8 9 10 11 12 13 | 13.1
Dodging        | 4 5 6 7 8 9 10 11 12 13 | 13.1

Action                     |  1- 3 |  4- 6 |  7- 9 | 10-12 | 13-15 || total
---------------------------+-------+-------+-------+-------+-------++-------
  Melee: Short sword       |    23 |       |       |       |       ||    23
         Headbutt          |     9 |     3 |    28 |    74 |   199 ||   313
         Dagger            |    41 |       |       |    15 |     7 ||    63
         Long sword        |     8 |    45 |   168 |   298 |   673 ||  1192
 Invoke: Stomp             |       |       |       |     2 |    16 ||    18
         Line Pass         |       |       |       |       |     3 ||     3
  Evoke: Wand              |       |       |       |     2 |     3 ||     5
    Use: Scroll            |       |       |     6 |     2 |    14 ||    22
         Potion            |       |       |       |     1 |     3 ||     4
   Stab: Sleeping          |       |       |     1 |     1 |     4 ||     6
         Paralysed         |       |       |    12 |    32 |    74 ||   118
         Petrified         |       |       |       |       |     2 ||     2
         Distracted        |       |       |       |       |     3 ||     3
 Armour: Robe              |     9 |    11 |    10 |       |       ||    30
         Chain mail        |       |       |    66 |       |       ||    66
         Ring mail         |       |       |     8 |   123 |   273 ||   404
  Dodge: Dodged            |    22 |    26 |   131 |   341 |   729 ||  1249
  Block: Orb               |       |       |       |       |   137 ||   137
         Reflection        |       |       |       |       |     7 ||     7

Table legend: (Time is in decaauts)
 A = Elapsed time spent in this place.
 B = Non-inter-level travel time spent in this place.
 C = Inter-level travel time spent in this place.
 D = Time resting spent in this place.
 E = Time spent auto-exploring this place.
 F = Levels seen in this place.
 G = Mean time per level.
                   A        B        C        D        E       F      G
               +--------+--------+--------+--------+--------+-----+--------+
         Total |  25349 |  23864 |   1485 |   3058 |  17619 |  22 | 1152.2 |
       Dungeon |  15997 |  14970 |   1027 |   2038 |  10853 |  15 | 1066.5 |
        Temple |    226 |    203 |     23 |      0 |    191 |   1 |  226.0 |
          Lair |   8805 |   8371 |    434 |    993 |   6348 |   5 | 1761.0 |
      Gauntlet |    320 |    320 |      0 |     27 |    227 |   1 |  320.0 |
               +--------+--------+--------+--------+--------+-----+--------+

Top non-repeatable levels by time:
    D:11: 2369 daAuts
  Lair:3: 2179 daAuts
     D:9: 1960 daAuts
  Lair:5: 1883 daAuts
  Lair:2: 1863 daAuts
  Lair:1: 1549 daAuts
    D:14: 1372 daAuts
  Lair:4: 1329 daAuts
     D:8: 1213 daAuts
    D:10: 1130 daAuts
     D:5: 1128 daAuts
    D:12: 1085 daAuts
     D:7: 997 daAuts
     D:6: 987 daAuts
    D:13: 972 daAuts
